 Dungeon Crawl Stone Soup version 0.28.0 (webtiles) character file.

Game seed: 15859153602312329624

7428 Dawnplanks the Merchant of Misery (level 10, -12/67 HPs)
             Began as a Demonspawn Necromancer on June 19, 2022.
             Was a Believer of Kikubaaqudgha.
             Mangled by a white ugly thing (33 damage)
             ... on level 8 of the Dungeon.
             The game lasted 00:46:45 (10355 turns).

Dawnplanks the Merchant of Misery (DsNe)           Turns: 10355, Time: 00:46:45

Health: -12/67     AC: 13    Str: 16    XL:     10   Next: 93%
Magic:  3/24       EV: 12    Int: 20    God:    Kikubaaqudgha [**....]
Gold:   407        SH:  7    Dex: 14    Spells: 15/29 levels left

rFire   + . .      SeeInvis .   g - +4 hand axe of Jytos {flame, rF+ Will+ Str+4}
rCold   . . .      Faith    .   t - +2 buckler "Ywiwit" {Regen+ Str+3}
rNeg    . . .      Spirit   .   G - +2 leather armour {Will+}
rPois   .          Reflect  .   B - +2 hat {Stlth+}
rElec   .          Harm     .   o - +1 cloak
rCorr   .          Rampage  .   (no gloves)
Will    +++..                   d - +0 pair of boots
Stlth   +++.......              (no amulet)
HPRegen 1.01/turn               y - ring of willpower
MPRegen 0.19/turn               (no ring)

@: no status effects
A: molten scales 2, demonic guardian 1, weakness stinger 1
a: Renounce Religion, Receive Corpses


You were on level 8 of the Dungeon.
You worshipped Kikubaaqudgha.
Kikubaaqudgha was pleased with you.
You visited 2 branches of the dungeon, and saw 9 of its levels.
You also visited: Bailey.

You collected 407 gold pieces.

Inventory:

Hand Weapons
 g - the +4 hand axe of Jytos (weapon) {flame, rF+ Will+ Str+4}
   (You found it on level 2 of the Dungeon)

   It burns those it strikes, dealing additional fire damage.
   Big, fiery blades are also staple armaments of hydra-hunters.
   Str:       It affects your strength (+4).
   rF:        It protects you from fire.
   Will:      It increases your willpower.
 n - a +4 quarterstaff of chaos
Missiles
 H - 2 throwing nets
Armour
 d - a +0 pair of boots (worn)
 j - the +4 plate armour of Love and Death {Regen+ Str+3}
   (You found it on level 2 of the Dungeon)

   Str:       It affects your strength (+3).
   Regen:     It increases your rate of health regeneration.
 o - a +1 cloak (worn)
 t - the +2 buckler "Ywiwit" (worn) {Regen+ Str+3}
   (You found it on level 3 of the Dungeon)

   Str:       It affects your strength (+3).
   Regen:     It increases your rate of health regeneration.
 B - a +2 hat of stealth (worn)
 C - +0 swamp dragon scales
 G - a +2 leather armour of willpower (worn)
 J - +0 steam dragon scales
Jewellery
 y - a ring of willpower (left hand)
Wands
 s - a wand of flame (15)
 w - a wand of iceblast (5)
 A - a wand of charming (7)
Scrolls
 b - a scroll of fog {unknown}
 f - a scroll of immolation {unknown}
 h - a scroll of magic mapping
 k - 2 scrolls of enchant weapon {unknown}
 p - a scroll of torment {unknown}
 r - a scroll of blinking
 u - 2 scrolls of summoning {unknown}
 D - a scroll of teleportation
 E - a scroll of acquirement {unknown}
Potions
 a - 3 potions of might {unknown}
 c - a potion of brilliance
 e - 4 potions of heal wounds
 i - 5 potions of haste {unknown}
 l - a potion of lignification
 m - a potion of degeneration
 q - 2 potions of berserk rage
 v - a potion of curing
 x - 2 potions of flight
 z - 3 potions of cancellation {unknown}
 F - a potion of ambrosia {unknown}
 I - 2 potions of attraction {unknown}
 K - 3 potions of mutation {unknown}
 L - 2 potions of magic {unknown}
 M - a potion of resistance {unknown}


   Skills:
 + Level 2.0 Fighting
 + Level 4.0 Axes
 + Level 2.2 Armour
 + Level 3.4 Dodging
 - Level 1.7 Stealth
 + Level 4.3 Shields
 + Level 10.3 Spellcasting
 * Level 11.5 Necromancy


You had 15 spell levels left.
You knew the following spells:

 Your Spells              Type           Power      Damage    Failure   Level
a - Pain                  Necr           100%       1d9       1%          1
b - Animate Skeleton      Necr           100%       N/A       1%          1
c - Vampiric Draining     Necr           54%        2d9       1%          3
d - Animate Dead          Necr           27%        N/A       1%          4
e - Agony                 Necr           54%        N/A       2%          5

Your spell library contained the following spells:

 Spells                   Type           Power      Damage    Failure   Level
 Sublimation of Blood     Necr           54%        N/A       1%          2
 Summon Guardian Golem    Hex/Summ       10%        N/A       32%         3
 Orb of Destruction       Conj           5%         9d5       100%        7
 Spellforged Servitor     Conj/Summ      5%         N/A       100%        7


Dungeon Overview and Level Annotations

Branches:
Dungeon (8/15)             Temple (1/1) D:6          Bailey (visited)
   Lair: D:8-11

Altars:
Ashenzari
Cheibriados
Dithmenos
Elyvilon
Fedhas
Gozag
Hepliaklqana
Kikubaaqudgha
Makhleb
Nemelex Xobeh
Okawaru
Qazlal
Ru
Sif Muna
Trog
Uskayaw
Vehumet
Wu Jian
Xom
Yredelemnul
Zin
The Shining One


Innate Abilities, Weirdness & Mutations

You are mostly covered in molten scales. (AC +3)
A weak demonic guardian rushes to your aid.
You have a small tail.


Message History

Your iron imp disappears in a puff of smoke!
The white ugly thing writhes in agony.
The white ugly thing writhes in agony.
The white ugly thing claws you. The white ugly thing freezes you!!
Your howler monkey zombie hits the white ugly thing.
Casting: Pain (safe; 1% risk of failure)
Confirm with . or Enter, or press ? or * to list all spells.
Aiming: Vampiric Draining (safe; 1% risk of failure)
Press: ? - help, Shift-Dir - straight line, f/p - white ugly thing
Aim: a white ugly thing (lightly wounded, ally target)
You draw life force from the white ugly thing.
You feel life coursing into your body.
You block the white ugly thing's attack.
Your howler monkey zombie closely misses the white ugly thing.
Casting: Vampiric Draining (safe; 1% risk of failure)
Confirm with . or Enter, or press ? or * to list all spells.
Aiming: Vampiric Draining (safe; 1% risk of failure)
Press: ? - help, Shift-Dir - straight line, f/p - white ugly thing
Aim: a white ugly thing (lightly wounded, ally target)
You draw life force from the white ugly thing!
You feel life coursing into your body.
You block the white ugly thing's attack.
Your howler monkey zombie hits the white ugly thing.
Casting: Vampiric Draining (safe; 1% risk of failure)
Confirm with . or Enter, or press ? or * to list all spells.
You don't have enough magic to cast this spell.
Unknown command.
You hit the white ugly thing but do no damage.
The white ugly thing is moderately wounded.
The white ugly thing closely misses you.
Your howler monkey zombie misses the white ugly thing.
You closely miss the white ugly thing.
The white ugly thing is moderately wounded.
The white ugly thing claws you. The white ugly thing freezes you!
Your howler monkey zombie hits the white ugly thing.
You hit the white ugly thing. You burn the white ugly thing.
The white ugly thing is heavily wounded.
The white ugly thing claws you. The white ugly thing freezes you!!
You die...
Kikubaaqudgha rasps: "You have failed me!
Welcome... death!"

#.#####**,*********
#.# *,,,,,,,* #.#
****,**,###### #.#
*,,,,...... #.#
*,*#,###### #.#
*,*#.###### ##.##
*,**.......
#...######.##.##.##.
#.#@uZZ(......,#.†..
#...######.##.##..))
##### *,.......)∩
**#.#.....)
#...##... ###**####


You could see a white ugly thing (ally target), a friendly orc warrior zombie
and a friendly howler monkey zombie.

Vanquished Creatures
  Gastronok (D:8)
  Harold (D:7)
  Maggie (D:6)
  A hornet (D:8)
  Sigmund (D:6)
  A wyvern (D:8)
  2 yaks
  3 steam dragons (D:8)
  Menkaure (D:4)
  Duvessa (D:5)
  Edmund (D:6)
  3 water moccasins
  2 orc warriors (D:8)
  4 ice beasts
  A sky beast (D:6)
  A black bear (D:5)
  3 necrophages
  A centaur (D:8)
  3 kobold brigands
  3 bullfrogs
  3 scorpions
  A water moccasin zombie (D:5)
  Dowan (D:6)
  A water moccasin skeleton (D:6)
  5 killer bees (D:8)
  5 howler monkeys
  9 wights
  2 electric eels (D:3)
  2 hounds
  A centaur skeleton (D:7)
  A gnoll shaman (D:6)
  2 jellies
  2 orc priests (D:8)
  Crazy Yiuf (D:2)
  An iguana (D:4)
  A bullfrog skeleton (D:7)
  Ijyb (D:4)
  4 orc wizards
  A hound zombie (D:3)
  Robin (D:4)
  2 howler monkey skeletons (D:5)
  17 gnolls
  6 adders
  A white imp (D:6)
  2 dart slugs
  30 orcs
  7 bats
  8 endoplasms
  7 giant cockroaches
  12 goblins
  12 hobgoblins
  A quokka (D:2)
  5 ball pythons
  2 frilled lizards (D:3)
  11 kobolds
  7 rats
210 creatures vanquished.

Vanquished Creatures (collateral kills)
  An orc warrior (Bailey)
  A bullfrog (D:8)
  A gnoll (Bailey)
  An orc (Bailey)
  A kobold (D:7)
5 creatures vanquished.

Vanquished Creatures (others)
  A shadow imp (D:8)
  A plant (D:3)
2 creatures vanquished.

Grand Total: 217 creatures vanquished

Notes
Turn   | Place    | Note
-------+----------+-------------------------------------------
     0 | D:1      | Dawnplanks the Demonspawn Necromancer began the quest for
                  | the Orb.
     0 | D:1      | Reached XP level 1. HP: 13/13 MP: 3/3
    55 | D:1      | Learned a level 1 spell: Animate Skeleton
   160 | D:1      | Reached skill level 5 in Necromancy
   160 | D:1      | Gained mutation: You have a small tail. [demonic ancestry]
   160 | D:1      | Reached XP level 2. HP: 16/19 MP: 1/5
   230 | D:1      | You fall into a shaft and drop 1 floor!
   385 | D:2      | Identified the +4 hand axe of Jytos {flame, rF+ Will+
                  | Str+4}
   561 | D:1      | Reached XP level 3. HP: 21/24 MP: 2/6
  1730 | D:2      | Identified the +4 plate armour of Love and Death {Regen+
                  | Str+3}
  1767 | D:2      | Reached XP level 4. HP: 29/30 MP: 5/7
  2014 | D:2      | Found a faded altar of an unknown god.
  2078 | D:2      | Found a runed translucent door.
  2079 | D:2      | Noticed Crazy Yiuf
  2086 | D:2      | Learned a level 3 spell: Vampiric Draining
  2088 | D:2      | Killed Crazy Yiuf
  2089 | D:2      | Reached skill level 6 in Necromancy
  2628 | D:3      | Found a radiant altar of Vehumet.
  2847 | D:3      | Reached XP level 5. HP: 33/35 MP: 6/9
  2925 | D:3      | Found a transporter.
  2940 | D:3      | Found a shadowy altar of Dithmenos.
  2993 | D:3      | Found a transporter.
  3842 | D:3      | Identified the +2 buckler "Ywiwit" {Regen+ Str+3}
  4034 | D:4      | Noticed Ijyb
  4109 | D:4      | Killed Ijyb
  4323 | D:4      | Reached XP level 6. HP: 40/41 MP: 6/12
  4552 | D:4      | Noticed Menkaure
  4563 | D:4      | Killed Menkaure
  4564 | D:4      | Reached skill level 7 in Necromancy
  4640 | D:4      | Reached skill level 1 in Shields
  4653 | D:4      | Noticed Robin
  4661 | D:4      | Killed Robin
  4903 | D:4      | Noticed a yak
  4903 | D:4      | Noticed a yak
  4919 | D:4      | Noticed a yak
  4919 | D:4      | Noticed a yak
  4920 | D:4      | Noticed a yak
  4925 | D:4      | Killed a yak
  4926 | D:4      | Reached XP level 7. HP: 46/46 MP: 1/14
  5079 | D:4      | Reached skill level 5 in Spellcasting
  5187 | D:4      | Reached skill level 1 in Axes
  5190 | D:4      | Reached skill level 8 in Necromancy
  5309 | D:5      | Entered Level 5 of the Dungeon
  5493 | D:5      | Gained mutation: You are partially covered in molten
                  | scales. (AC +2) [demonic ancestry]
  5493 | D:5      | Reached XP level 8. HP: 51/52 MP: 10/16
  5878 | D:5      | Found a sparkling altar of Nemelex Xobeh.
  6163 | D:6      | Noticed Dowan
  6165 | D:6      | Noticed Duvessa
  6169 | D:6      | Killed Dowan
  6176 | D:5      | HP: 2/53 [gnoll (4)]
  6409 | D:5      | Killed Duvessa
  6557 | D:6      | Reached skill level 9 in Necromancy
  6563 | D:6      | Found a staircase to the Ecumenical Temple.
  6749 | D:6      | Noticed Maggie
  6761 | D:6      | Killed Maggie
  6890 | D:6      | Gained mutation: You are mostly covered in molten scales.
                  | (AC +3) [demonic ancestry]
  6890 | D:6      | Reached XP level 9. HP: 58/58 MP: 12/19
  7238 | Temple   | Entered the Ecumenical Temple
  7300 | Temple   | Became a worshipper of Kikubaaqudgha
  7328 | D:6      | Noticed Sigmund
  7482 | D:6      | Killed Sigmund
  7493 | D:6      | Learned a level 4 spell: Animate Dead
  7499 | D:6      | Learned a level 5 spell: Agony
  7601 | D:6      | Noticed Edmund
  7611 | D:6      | Killed Edmund
  8006 | D:7      | Noticed Harold
  8017 | D:7      | Killed Harold
  8018 | D:7      | Reached skill level 10 in Necromancy
  8291 | D:7      | Found a broken altar of Ashenzari.
  8532 | D:7      | Reached skill level 1 in Fighting
  8831 | D:8      | Gained mutation: A weak demonic guardian rushes to your
                  | aid. [demonic ancestry]
  8831 | D:8      | Reached XP level 10. HP: 44/65 MP: 3/23
  8861 | D:8      | Reached * piety under Kikubaaqudgha
  8861 | D:8      | Received a gift from Kikubaaqudgha
  8868 | D:8      | Reached skill level 1 in Armour
  8934 | D:8      | Noticed Gastronok
  8978 | D:8      | Killed Gastronok
  9044 | D:8      | Reached skill level 11 in Necromancy
  9100 | D:8      | Paralysed by a hornet for 2 turns
  9112 | D:8      | Reached skill level 10 in Spellcasting
  9153 | D:8      | Found a flagged portal.
  9178 | Bailey   | Entered a bailey
  9457 | Bailey   | Reached ** piety under Kikubaaqudgha
 10197 | D:8      | Noticed a swamp dragon
 10211 | D:8      | Noticed a lindwurm
 10211 | D:8      | a swamp dragon changed into a lindwurm
 10340 | D:8      | Noticed a white ugly thing
 10355 | D:8      | Mangled by a white ugly thing

Illustrated notes

Levels and vault maps discovered:
D:1:      sevenhm_arrival_forest_fort_small_3, layout_basic
D:2:      minmay_evil_eye, layout_loops_corners, shapermc_ecumenical_altar_venn,
          serial_bayou, serial_bayou_pond_c, serial_bayou_pond_b,
          serial_bayou_pond_e, serial_bayou_pond_b, uniq_crazy_yiuf_cottage
D:3:      gammafunk_steamed_eel, layout_basic,
          mainiacjoe_overflow_catwalk_spiral
D:4:      layout_gridville, uniq_menkaure, uniq_ijyb, uniq_robin
D:5:      layout_loops_ring, nemelex_diamond_rough_becter
D:6:      layout_basic, minmay_temple_entry_ruins, serial_bayou_crossing,
          uniq_edmund, uniq_duvessa, uniq_sigmund, uniq_maggie
D:7:      layout_cave_pools, mainiacjoe_overflow_chevrons, uniq_harold
D:8:      nzn_winding_woodlands_large [nzn_winding_woodlands_5x5_default,
          nzn_winding_woodlands_5x15_eye, nzn_winding_woodlands_5x5_three,
          nzn_winding_woodlands_center_lodge,
          nzn_winding_woodlands_15x15_killbox,
          nzn_winding_woodlands_center_diamonds,
          nzn_winding_woodlands_5x5_open_star,
          nzn_winding_woodlands_5x15_parted,
          nzn_winding_woodlands_5x5_checkerboard], layout_loops_ring,
          enter_bailey_2, dk_rats_in_the_wall, uniq_gastronok, uniq_joseph
Temple:   compressed_dpeg_circular_temple

Skill      XL: |  1  2  3  4  5  6  7  8  9 10 |
---------------+-------------------------------+-----
Necromancy     | 5 6 7 8 9 10 11 | 11.5
Spellcasting   | 3 4 5 7 9 10 | 10.3
Shields        | 1 2 3 4 |  4.3
Axes           | 1 2 4 |  4.0
Dodging        | 2 3 |  3.4
Fighting       | 1 2 |  2.0
Armour         | 2 |  2.2
Stealth        | |  1.7

Action                   |  1- 3 |  4- 6 |  7- 9 | 10-12 || total
-------------------------+-------+-------+-------+-------++-------
Melee: Unarmed           |     1 |       |       |       ||     1
       Hand axe          |     4 |    28 |   107 |   121 ||   260
       Tailslap          |     1 |     5 |    15 |    21 ||    42
 Cast: Pain              |    57 |   103 |   167 |   141 ||   468
       Animate Skeleton  |     4 |     5 |     3 |     2 ||    14
       Vampiric Draining |       |     4 |    32 |    16 ||    52
       Animate Dead      |       |       |     1 |     5 ||     6
  Use: Scroll            |       |       |    10 |     2 ||    12
       Potion            |       |       |     1 |     3 ||     4
 Stab: Sleeping          |       |       |       |     1 ||     1
Armor: Robe              |     2 |     7 |    25 |       ||    34
       Leather armour    |       |       |    28 |    45 ||    73
Dodge: Dodged            |    10 |    24 |   117 |    93 ||   244
Block: Buckler           |       |     3 |    98 |    72 ||   173
